 Dungeon Crawl Stone Soup version 0.29.1-1-gd02db6906a (webtiles) character file.

Game seed: 16863490280637513916

329 Earthwalker the Covered (level 6, -5/53 HPs)
             Began as a Minotaur Fighter on Oct 10, 2022.
             Slain by Duvessa
             ... wielding a +1 short sword of venom
              (6 damage)
             ... on level 4 of the Dungeon.
             The game lasted 00:05:37 (2468 turns).

Earthwalker the Covered (Minotaur Fighter)          Turns: 2468, Time: 00:05:37

Health: -5/53      AC:  7    Str: 22    XL:     6   Next: 25%
Magic:  5/5        EV:  9    Int: 11    God:
Gold:   117        SH:  4    Dex: 10    Spells: 5/5 levels left

rFire   . . .      SeeInvis +   a - +0 trident
rCold   . . .      Faith    .   c - +0 buckler
rNeg    . . .      Spirit   .   b - +0 scale mail
rPois   .          Reflect  .   (helmet restricted)
rElec   .          Harm     .   (no cloak)
rCorr   .          Rampage  .   (no gloves)
Will    .....                   (no boots)
Stlth   ..........              (no amulet)
HPRegen 0.17/turn               m - +6 ring of intelligence
MPRegen 0.09/turn               s - ring of see invisible

@: lethally poisoned (-5 -> -16)
A: horns 2, retaliatory headbutt
a: no special abilities


You were on level 4 of the Dungeon.
You visited 1 branch of the dungeon, and saw 4 of its levels.

You collected 117 gold pieces.

Inventory:

Hand Weapons
 a - a +0 trident (weapon)
Missiles
 q - 5 poisoned darts (quivered)
Armour
 b - a +0 scale mail (worn)
 c - a +0 buckler (worn)
Jewellery
 m - a +6 ring of intelligence (left hand)
 s - a ring of see invisible (right hand)
Wands
 r - a wand of paralysis (6)
Scrolls
 e - 3 scrolls of noise {unknown}
 f - 2 scrolls of poison {unknown}
 g - 2 scrolls of teleportation {unknown}
 l - 4 scrolls of identify {unknown}
 p - 2 scrolls of magic mapping {unknown}
 t - a scroll of enchant weapon {unknown}
Potions
 d - a potion of might
 h - a potion of resistance {unknown}
 i - a potion of heal wounds {unknown}
 j - a potion of curing
 k - 2 potions of lignification {unknown}
 n - a potion of magic {unknown}
 o - a potion of haste {unknown}


   Skills:
 * Level 4.4 Fighting
 * Level 4.5 Polearms
 * Level 1.3 Throwing
 * Level 4.6 Armour
 * Level 1.3 Dodging
 * Level 1.3 Stealth
 * Level 4.5 Shields
 * Level 1.3 Invocations
 * Level 1.0 Evocations


You had 5 spell levels left.
You didn't know any spells.
Your spell library contained the following spells:

 Spells                   Type           Power      Damage    Failure   Level
 Beastly Appendage        Tmut           0%         N/A       75%         1
 Wereblood                Tmut           0%         N/A       86%         2
 Spider Form              Tmut/Pois      0%         N/A       98%         3


Dungeon Overview and Level Annotations

Branches:
Dungeon (4/15)
 Temple: D:4-7

Altars:
Elyvilon
Sif Muna

Shops:
D:2 ?

Annotations:
D:3 2 runed translucent doors, Crazy Yiuf; Demigod47's ghost, amateur MiFi
D:4 Dowan; Duvessa


Innate Abilities, Weirdness & Mutations

You have a pair of horns on your head.
You reflexively headbutt those who attack you in melee.


Message History

Duvessa hits you with a +1 short sword of venom!
You hit Duvessa but do no damage. You headbutt Duvessa!
Duvessa is severely wounded.
You feel very sick. Duvessa closely misses you. You furiously retaliate!
You headbutt Duvessa. You closely miss Duvessa.
Duvessa is almost dead.
You feel sick. Duvessa closely misses you.
You barely miss Duvessa.
Duvessa is almost dead.
You feel sick.
Duvessa drinks a potion.
Duvessa is healed!
You hit Duvessa but do no damage.
Duvessa is severely wounded.
You feel sick. You block Duvessa's attack.
You completely miss Duvessa.
Duvessa is severely wounded.
You feel sick.
Duvessa hits you with a +1 short sword of venom.
* * * LOW HITPOINT WARNING * * *
Duvessa hits you with a +1 short sword of venom.
* * * LOW HITPOINT WARNING * * *
You are lethally poisoned!
You barely miss Duvessa. Your headbutt misses Duvessa.
Duvessa is severely wounded.
* * * LOW HITPOINT WARNING * * *
You feel sick. You block Duvessa's attack.
You barely miss Duvessa.
Duvessa is severely wounded.
* * * LOW HITPOINT WARNING * * *
You feel sick.
Duvessa hits you with a +1 short sword of venom.
* * * LOW HITPOINT WARNING * * *
You are more poisoned.
Dowan smirks and points a slender finger.
You hit Duvessa but do no damage. You headbutt Duvessa.
Duvessa is severely wounded.
* * * LOW HITPOINT WARNING * * *
You feel very sick.
Duvessa hits you with a +1 short sword of venom.
You die...

##.......## #..##.# #
###.........####.....###
.'.........'.......>...
#.........####....####
#......†## #..#.####
##.....## #........
##...## ####.#### ##'##
#.# #@# #.# #e# #.# #e#
#.# ... #.# ... #.#
#...# ..# #...# ....#


You could see Duvessa and Dowan.

Vanquished Creatures
  Sigmund (D:3)
  Jessica (D:3)
  An iguana (D:4)
  An orc wizard (D:3)
  4 adders
  3 worms (D:2)
  A dart slug (D:2)
  9 orcs (D:3)
  2 ball pythons (D:3)
  2 endoplasms
  A giant cockroach (D:2)
  3 hobgoblins
  4 jackals (D:3)
  6 kobolds
  A bat (D:2)
  A frilled lizard (D:3)
  3 goblins
  4 rats (D:2)
48 creatures vanquished.

Notes
Turn   | Place    | Note
-------+----------+-------------------------------------------
     0 | D:1      | Earthwalker the Minotaur Fighter began the quest for the
                  | Orb.
     0 | D:1      | Reached XP level 1. HP: 19/19 MP: 0/0
    35 | D:2      | Found a faded altar of an unknown god.
   202 | D:2      | Reached XP level 2. HP: 25/27 MP: 1/1
   225 | D:2      | Found Kiblado's Magic Scroll Emporium.
   326 | D:2      | Reached XP level 3. HP: 28/33 MP: 2/2
  1022 | D:3      | Reached XP level 4. HP: 11/40 MP: 3/3
  1283 | D:3      | Found a white marble altar of Elyvilon.
  1330 | D:3      | Noticed Sigmund
  1335 | D:3      | Killed Sigmund
  1336 | D:3      | Reached skill level 1 in Throwing
  1336 | D:3      | Reached skill level 1 in Dodging
  1336 | D:3      | Reached skill level 1 in Stealth
  1336 | D:3      | Reached skill level 1 in Invocations
  1336 | D:3      | Reached XP level 5. HP: 47/47 MP: 4/4
  1445 | D:3      | Noticed Jessica
  1455 | D:3      | Killed Jessica
  1456 | D:3      | Reached XP level 6. HP: 52/53 MP: 5/5
  1555 | D:3      | Found a runed translucent door.
  1556 | D:3      | Noticed Demigod47's ghost (amateur MiFi)
  1564 | D:3      | Found a shimmering blue altar of Sif Muna.
  1784 | D:3      | Found a runed translucent door.
  1785 | D:3      | Noticed Crazy Yiuf
  2446 | D:4      | Reached skill level 1 in Evocations
  2451 | D:4      | Noticed Duvessa
  2453 | D:4      | Noticed Dowan
  2468 | D:4      | HP: 1/53 [poisoned by Duvessa]
  2468 | D:4      | Slain by Duvessa

Illustrated notes

Levels and vault maps discovered:
D:1:      dpeg_arrival_stonehenge_8_columns, layout_basic, serial_shops, shop
D:2:      minmay_skewed_foursquare, layout_loops_ring,
          hellmonk_ecumenical_altar_arch_garden, serial_shops, shop
D:3:      layout_loops_corners, mainiacjoe_overflow_alcove_1, elyvilon_altar_3,
          gammafunk_ghost_grave, uniq_jessica, uniq_sigmund,
          uniq_crazy_yiuf_cottage
D:4:      cheibrodos_old_hovel, layout_loops_corners, slow_altar_1,
          hangedman_decor_opposing, kennysheep_generic_room_14, uniq_duvessa

Skill      XL: |  1  2  3  4  5  6 |
---------------+-------------------+-----
Fighting       | 4 |  4.4
Shields        | 4 |  4.5
Armour         | 4 |  4.6
Polearms       | 3 4 |  4.5
Throwing       | 1 |  1.3
Dodging        | 1 |  1.3
Stealth        | 1 |  1.3
Invocations    | 1 |  1.3
Evocations     | 1 |  1.0

Action                   |  1- 3 |  4- 6 || total
-------------------------+-------+-------++-------
Melee: Trident           |    68 |    70 ||   138
       Headbutt          |    11 |    11 ||    22
Armor: Scale mail        |    26 |    25 ||    51
Dodge: Dodged            |    22 |    20 ||    42
Block: Buckler           |     7 |    12 ||    19
